 Dungeon Crawl Stone Soup version 0.23.1 (webtiles) character file.

Game seed: 11971303427692787725

3488 Borgoz the Sneak (level 10, -1/79 (80) HPs)
             Began as a Ghoul Enchanter on Mar 5, 2019.
             Was a Believer of Dithmenos.
             Slain by a two-headed ogre
             ... wielding a +0 giant spiked club
              (15 damage)
             ... on level 8 of the Dungeon.
             The game lasted 00:23:47 (11035 turns).

Borgoz the Sneak (Ghoul Enchanter)                 Turns: 11035, Time: 00:23:48

HP:   -1/79 (80)    AC: 10    Str: 13    XL:     10   Next: 7%
MP:   15/15         EV: 12    Int: 12    God:    Dithmenos [**....]
Gold: 283           SH:  0    Dex: 10    Spells: 10/17 levels left

rFire    . . .     SeeInvis .   q - +1 short sword (venom)
rCold    + + .     Gourm    .   (no shield)
rNeg     + + +     Faith    .   e - +1 ring mail {MR+}
rPois    ∞         Spirit   .   n - +0 helmet
rElec    .         Reflect  .   (no cloak)
rCorr    .         Harm     .   (no gloves)
MR       +....                  i - +1 pair of boots
Stlth    +.........             (no amulet)
HPRegen  0.00/turn              c - ring of protection from cold
MPRegen  0.14/turn              (no ring)

@: confused, very slightly contaminated, rotting, wreathed by umbra
A: rotting body, claws 1, carnivore, cold resistance 1, negative energy
resistance 3, inhibited regeneration, torment resistance, unbreathing
a: Shadow Step, Renounce Religion


You were on level 8 of the Dungeon.
You worshipped Dithmenos.
Dithmenos was pleased with you.
You were not hungry.

You visited 2 branches of the dungeon, and saw 9 of its levels.
You also visited: Sewer.

You collected 283 gold pieces.

Inventory:

Hand Weapons
 h - a +2 short sword of freezing
 q - a +1 short sword of venom (weapon)
Missiles
 k - 19 poisoned needles
 r - 11 tomahawks (quivered)
Armour
 e - a +1 ring mail of magic resistance (worn)
 i - a +1 pair of boots (worn)
 n - a +0 helmet (worn)
 w - a +1 chain mail of cold resistance
Jewellery
 c - a ring of protection from cold (left claw)
Scrolls
 g - 2 scrolls of random uselessness {unknown}
 j - 3 scrolls of remove curse
 l - 2 scrolls of fear {unknown}
 m - 7 scrolls of teleportation
 p - a scroll of amnesia
 t - a scroll of magic mapping
 u - a scroll of blinking
 v - a scroll of acquirement {unknown}
Potions
 a - a potion of curing
 f - a potion of haste
 o - a potion of flight
 s - a potion of berserk rage {unknown}
Comestibles
 d - 9 rations


   Skills:
 + Level 4.6 Fighting
 * Level 5.6 Short Blades
 + Level 3.7 Armour
 * Level 6.0 Dodging
 + Level 6.1 Stealth
 + Level 4.1 Spellcasting
 * Level 5.8 Hexes


You had 10 spell levels left.
You knew the following spells:

 Your Spells              Type           Power        Failure   Level  Hunger
a - Corona                Hex            ###....      4%          1    #......
b - Ensorcelled Hibernat  Hex/Ice        #.....       21%         2    ##.....
c - Confuse               Hex            ###.....     12%         3    ###....
d - Confusing Touch       Hex            ###...       4%          1    #......

Your spell library contained the following spells:

 Spells                   Type           Power        Failure   Level  Hunger
 Tukima's Dance           Hex            ###.....     12%         3    ###....
 Dazzling Spray           Conj/Hex       #.....       38%         3    ###....
 Animate Skeleton         Necr           N/A          41%         1    #......
 Apportation              Tloc           #.....       41%         1    #......
 Pain                     Necr           #...         41%         1    #......
 Summon Small Mammal      Summ           #...         41%         1    #......
 Regeneration             Chrm/Necr      #.........   80%         3    ###....
 Vampiric Draining        Necr           #.........   80%         3    ###....
 Animate Dead             Necr           N/A          99%         4    #####..


Dungeon Overview and Level Annotations

Branches:
Dungeon (8/15)             Temple (1/1) D:4
   Lair: D:8-11

Altars:
Ashenzari
Cheibriados
Dithmenos
Elyvilon
Fedhas
Gozag
Hepliaklqana
Makhleb
Nemelex Xobeh
Ru
Trog
Uskayaw
Vehumet
Wu Jian
Xom
Yredelemnul
Zin
The Shining One


Innate Abilities, Weirdness & Mutations

Your body is rotting away.
You thrive on raw meat.
You are immune to poison.
You have sharp fingernails.
You are carnivorous and can eat meat at any time.
Your flesh is cold resistant. (rC+)
You are immune to negative energy. (rN+++)
You do not regenerate when monsters are visible.
You are immune to unholy pain and torment.
You can survive without breathing.


Message History

The two-headed ogre hits you with a +0 giant spiked club!!
* * * LOW HITPOINT WARNING * * *
The two-headed ogre barely misses you.
You aren't carrying any items that you can evoke.
Casting: Confusing Touch (safe; 4% risk of failure)
Confirm with . or Enter, or press ? or * to list all spells.
Aiming: Ensorcelled Hibernation (safe; 21% risk of failure)
Press: ? - help, Shift-Dir - straight line, f - two-headed ogre
Aim: a two-headed ogre, wielding a +0 giant spiked club and a +0 giant club (almost dead, poisoned, umbra, chance to defeat MR: 24%)
You miscast Ensorcelled Hibernation.
You are very lightly contaminated with residual magic.
You feel off-balance for a moment. The two-headed ogre closely misses you.
The two-headed ogre misses you.
You see here a potion of curing.
You are confused.
You feel invigorated.
Found 12 gold pieces.
You bump into the rock wall.
The two-headed ogre hits you with a +0 giant spiked club!
You die...

..^ #. .# ... #. ..# #.#
#. .. #######.# #. .$ ..
...#.# #.##. .#
#.#.##### ...
.####.......## #.#
.............# #@# ##.
.####..#.....###O#.....
.####..#............#
.....<.#.....###.......#
######.#...:........####
#......#########
####..## #..... ......##


You could see a two-headed ogre.

Vanquished Creatures
  A two-headed ogre (D:7)
  A hornet (D:7)
  A basilisk (D:7)
  A hungry ghost (D:7)
  Edmund (D:4)
  Duvessa (D:6)
  A black bear (D:6)
  An orc warrior (D:2)
  A sky beast (D:6)
  A phantom (D:4)
  An ogre (D:6)
  3 centaurs (D:5)
  6 big kobolds (Sewer)
  3 bullfrogs
  Dowan (D:6)
  A water moccasin skeleton (D:7)
  3 wights (D:7)
  4 howler monkeys
  A crimson imp (D:7)
  4 hounds
  A centaur zombie (D:7)
  2 orc priests
  2 centaur skeletons
  2 worker ants
  A hound skeleton (D:4)
  Robin (D:2)
  4 adders
  A shadow imp (D:5)
  7 oozes
  5 worms
  3 dart slugs
  3 leopard geckos
  20 orcs
  3 giant cockroaches
  16 goblins
  10 hobgoblins
  8 jackals
  3 quokkas
  7 ball pythons
  A ball python skeleton (D:5)
  A bat (D:2)
  8 frilled lizards
  15 kobolds
  A leopard gecko skeleton (D:4)
  7 rats
169 creatures vanquished.

Vanquished Creatures (others)
  A hound (D:4)
  4 orcs (D:4)
5 creatures vanquished.

Grand Total: 174 creatures vanquished

Notes
Turn   | Place    | Note
-------+----------+-------------------------------------------
     0 | D:1      | Borgoz the Ghoul Enchanter began the quest for the Orb.
     0 | D:1      | Reached XP level 1. HP: 14/14 MP: 2/2
   238 | D:1      | Reached skill level 1 in Short Blades
   410 | D:1      | Reached XP level 2. HP: 16/20 MP: 1/3
   421 | D:1      | Learned a level 2 spell: Ensorcelled Hibernation
   480 | D:1      | HP: 1/20 [goblin (2)]
  1790 | D:1      | Reached XP level 3. HP: 14/27 MP: 4/4
  1981 | D:2      | Noticed an orc warrior
  2752 | D:2      | Noticed Robin
  2796 | D:1      | Reached XP level 4. HP: 20/34 MP: 6/6
  2811 | D:1      | Learned a level 3 spell: Confuse
  3102 | D:2      | Killed Robin
  3615 | D:3      | Reached skill level 1 in Fighting
  3750 | D:3      | Reached XP level 5. HP: 28/40 MP: 1/7
  3990 | D:3      | Learned a level 1 spell: Confusing Touch
  4194 | D:3      | Found a burning altar of Makhleb.
  4250 | D:3      | Reached skill level 1 in Armour
  4903 | D:4      | Reached XP level 6. HP: 37/45 MP: 2/8
  4937 | D:4      | Found a glowing drain.
  4954 | Sewer    | Entered a sewer
  5863 | Sewer    | Reached XP level 7. HP: 55/55 MP: 7/9
  6567 | D:4      | Reached XP level 8. HP: 54/62 MP: 11/11
  6586 | D:4      | Noticed Edmund
  6628 | D:4      | Killed Edmund
  6934 | D:4      | Found a staircase to the Ecumenical Temple.
  6971 | Temple   | Entered the Ecumenical Temple
  7168 | Temple   | Became a worshipper of Dithmenos the Shadowed
  8016 | D:5      | Entered Level 5 of the Dungeon
  8031 | D:5      | Found a basalt altar of Yredelemnul.
  8288 | D:5      | Reached skill level 5 in Stealth
  8471 | D:5      | Found a shattered altar of Ashenzari.
  8498 | D:5      | Found a snail-covered altar of Cheibriados.
  8521 | D:5      | Reached * piety under Dithmenos
  9053 | D:6      | Noticed Dowan
  9055 | D:6      | Noticed Duvessa
  9086 | D:6      | Killed Duvessa
  9086 | D:6      | Reached XP level 9. HP: 34/70 MP: 13/13
  9091 | D:6      | Killed Dowan
  9091 | D:6      | Reached skill level 5 in Dodging
  9356 | D:6      | Found a shattered altar of Ashenzari.
  9490 | D:6      | Reached skill level 5 in Hexes
  9972 | D:7      | Noticed a hornet
  9992 | D:7      | Killed a hornet
 10209 | D:7      | Noticed a two-headed ogre
 10236 | D:7      | Killed a two-headed ogre
 10236 | D:7      | Reached skill level 5 in Short Blades
 10260 | D:7      | Reached ** piety under Dithmenos
 10288 | D:7      | Found a glowing golden altar of the Shining One.
 10460 | D:7      | Reached XP level 10. HP: 80/80 MP: 15/15
 10988 | D:8      | Noticed a two-headed ogre
 11025 | D:8      | HP: 2/79 [two-headed ogre/+0 giant spiked club (20)]
 11035 | D:8      | Slain by a two-headed ogre

Skill      XL: |  1  2  3  4  5  6  7  8  9 10 |
---------------+-------------------------------+-----
Short Blades   | 1 2 3 4 5 |  5.6
Dodging        | 2 3 4 5 6 |  6.0
Spellcasting   | 2 3 4 |  4.1
Fighting       | 1 2 3 4 |  4.6
Hexes          | 3 4 5 |  5.8
Armour         | 1 2 3 |  3.7
Stealth        | 4 5 6 |  6.1

Action                   |  1- 3 |  4- 6 |  7- 9 | 10-12 || total
-------------------------+-------+-------+-------+-------++-------
Melee: Dagger            |   173 |    75 |       |       ||   248
       Rapier            |       |   262 |   271 |       ||   533
       Short sword       |       |       |   234 |    68 ||   302
 Cast: Corona            |     7 |       |     1 |       ||     8
       Ensorcelled Hiber |     7 |     9 |     5 |       ||    21
       Confuse           |       |     2 |       |       ||     2
       Confusing Touch   |       |    10 |    27 |     5 ||    42
  Use: Scroll            |     2 |     6 |     3 |       ||    11
       Potion            |       |     4 |     2 |     2 ||     8
 Stab: Sleeping          |     8 |     7 |    12 |       ||    27
       Confused          |       |     4 |    17 |     1 ||    22
  Eat: Chunk             |    16 |    21 |    24 |     4 ||    65
Armor: Robe              |    32 |    18 |       |       ||    50
       Leather armour    |       |    31 |       |       ||    31
       Ring mail         |       |    53 |   178 |    14 ||   245
Dodge: Dodged            |    94 |   197 |   258 |    38 ||   587
